 Dungeon Crawl Stone Soup version 0.31-a0-232-gb1c03b2570 (webtiles) character file.

Game seed: 18430260553614699440

32 qw the Shooter (level 3, -2/29 HPs)
             Began as a Minotaur Hexslinger on July 7, 2023.
             Slain by a black bear (8 damage)
             ... on level 3 of the Dungeon.
             The game lasted 00:00:28 (1513 turns).

qw the Shooter (Minotaur Hexslinger)                Turns: 1513, Time: 00:00:29

Health: -2/29      AC:  3    Str: 12    XL:     3   Next: 8%
Magic:  3/3        EV: 12    Int: 10    God:
Gold:   142        SH:  0    Dex: 14    Spells: 3/4 levels left

rFire   . . .        Y - +1 sling (freeze)
rCold   . . .        (no shield)
rNeg    . . .        d - +0 leather armour
rPois   .            (helmet restricted)
rElec   .            (no cloak)
rCorr   .            (no gloves)
SInv    .            (no boots)
Will    .....        f - amulet of faith
Stlth   +            (no ring)
HPRegen 0.24/turn    (no ring)
MPRegen 0.08/turn

%: faith
@: no status effects
A: horns 2, retaliatory headbutt
a: no special abilities


You were on level 3 of the Dungeon.
You visited 1 branch of the dungeon, and saw 3 of its levels.

You collected 142 gold pieces.


Innate Abilities, Weirdness & Mutations

You have a pair of horns on your head.
You reflexively headbutt those who attack you in melee.


   Skills:
 - Level 2.1 Fighting
 + Level 3.6 Ranged Weapons
 - Level 2.1 Dodging
 - Level 1.0 Spellcasting
 - Level 2.0 Hexes


You had 3 spell levels left.
You knew the following spells:

 Your Spells              Type           Power      Damage    Failure   Level
a - Slow                  Hex            16%        N/A       19%         1

Your spell library contained the following spells:

 Spells                   Type           Power      Damage    Failure   Level
 Inner Flame              Hex/Fire       2%         N/A       65%         3
 Portal Projectile        Hex/Tloc       4%         N/A       65%         3
 Cause Fear               Hex            2%         N/A       88%         4

Inventory:

Hand Weapons
 Y - a +1 sling of freezing (weapon)
Armour
 b - a +0 ring mail
 d - a +0 leather armour (worn)
Jewellery
 f - an amulet of faith (around neck)
Scrolls
 h - a scroll of identify
 i - 2 scrolls of enchant armour
Potions
 a - a potion of magic {unknown}
 g - a potion of enlightenment {unknown}
 j - a potion of heal wounds

Dungeon Overview and Level Annotations

Branches:
Dungeon (3/15)

Altars:
Hepliaklqana


Message History

Found 4 stones.
You now have 132 gold pieces (gained 13).
You now have 142 gold pieces (gained 10).
b - a +0 ring mail A black bear comes into view.
You shoot a sling bullet.
The sling bullet hits the black bear but does no damage.
You shoot a sling bullet. The sling bullet hits the black bear.
The sling bullet freezes the black bear.
The black bear is lightly wounded.
You shoot a sling bullet.
The sling bullet barely misses the black bear.
You shoot a sling bullet. The sling bullet hits the black bear.
The sling bullet freezes the black bear.
The black bear is heavily wounded.
You shoot a sling bullet. The sling bullet hits the black bear.
The sling bullet freezes the black bear.
The black bear is severely wounded.
The black bear completely misses you. The black bear misses you.
The black bear barely misses you.
You shoot a sling bullet. The sling bullet hits the black bear.
The sling bullet freezes the black bear.
The black bear is almost dead.
The black bear goes berserk!
You shoot a sling bullet.
The sling bullet closely misses the black bear.
The black bear closely misses you. The black bear barely misses you. x2
The black bear completely misses you. The black bear claws you. x2
You shoot a sling bullet.
The sling bullet closely misses the black bear.
The black bear misses you. The black bear barely misses you.
The black bear closely misses you. The black bear bites you.
The black bear claws you.
The black bear claws you but does no damage.
You shoot a sling bullet. The sling bullet hits the black bear.
The sling bullet freezes the black bear.
The black bear is almost dead.
The black bear misses you. The black bear claws you. x2
The black bear bites you!
You die...

#|#######
#.....h.#
######@#
##....#.#
#...#...#
#...########
#..........#
########...#
+...# #
#...#
#.##.###


You could see a black bear (berserk).

Vanquished Creatures
  2 dart slugs (D:1)
  An endoplasm (D:1)
  A giant cockroach (D:2)
  2 goblins (D:1)
  A hobgoblin (D:1)
  4 kobolds
  2 quokkas (D:1)
  3 ball pythons
  5 bats
  A frilled lizard (D:2)
  6 rats (D:1)
28 creatures vanquished.

Notes
Turn   | Place    | Note
-------+----------+-------------------------------------------
     0 | D:1      | qw the Minotaur Hexslinger began the quest for the Orb.
     0 | D:1      | Reached XP level 1. HP: 16/16 MP: 1/1
     0 | D:1      | 0 ||| qw: Version: 0.3-a-46-gb1f654a
     0 | D:1      | 0 ||| qw: Game counter: 2777
     0 | D:1      | 0 ||| qw: Melee chars always use a shield: true
     0 | D:1      | 0 ||| qw: God list: Okawaru
     0 | D:1      | 0 ||| qw: Allow faded altars: false
     0 | D:1      | 0 ||| qw: Do Orc after clearing Dungeon:15 true
     0 | D:1      | 0 ||| qw: Do second Lair branch before Depths: true
     0 | D:1      | 0 ||| qw: Lair rune preference: random
     0 | D:1      | 0 ||| qw: Goals: Normal
     0 | D:1      | 0 ||| PLANNING D:1-11
   188 | D:1      | 188 ||| FLEEEEING.
   246 | D:1      | 246 ||| FLEEEEING.
   247 | D:1      | 247 ||| FLEEEEING.
   248 | D:1      | 248 ||| FLEEEEING.
   249 | D:1      | 249 ||| FLEEEEING.
   267 | D:1      | Reached skill level 3 in Ranged Weapons
   272 | D:1      | Reached XP level 2. HP: 23/23 MP: 2/2
   304 | D:1      | HP: 4/24 [dart slug/slug dart (6)]
   781 | D:1      | 781 ||| UPGRADING to +0 leather armour.
   791 | D:1      | 791 ||| DROPPING +0 robe.
   792 | D:1      | 792 ||| READING 3 scrolls labelled VOMAAFR GICE.
   793 | D:1      | 793 ||| READING 2 scrolls of brand weapon.
   793 | D:1      | 793 ||| BRANDING +1 sling of flaming.
   794 | D:1      | 794 ||| READING scroll of brand weapon.
   794 | D:1      | 794 ||| BRANDING +1 sling of chaos.
   795 | D:1      | 795 ||| READING scroll labelled APSAB TELA.
   796 | D:1      | 796 ||| READING scroll labelled YKIYGA XUADEHU.
   897 | D:1      | 897 ||| READING scroll labelled VEFUQUSESH.
   898 | D:1      | 898 ||| READING 3 scrolls labelled UFONTA MONOAGO.
   899 | D:1      | 899 ||| DROPPING scroll of poison.
   929 | D:2      | Found a hazy altar of Hepliaklqana.
  1115 | D:2      | Reached XP level 3. HP: 29/29 MP: 3/3
  1426 | D:2      | 1426 ||| UPGRADING to amulet of faith.
  1431 | D:2      | 1431 ||| READING scroll labelled KIUPRICOBB.
  1432 | D:2      | 1432 ||| READING 2 scrolls labelled QIVACEGGEI.
  1433 | D:2      | 1433 ||| READING scroll labelled KIORIO HULEAXT.
  1434 | D:2      | 1434 ||| DRINKING 2 lumpy cyan potions.
  1435 | D:2      | 1435 ||| DROPPING scroll of fear.
  1504 | D:3      | Noticed a black bear
  1513 | D:3      | HP: 6/29 [black bear (6)]
  1513 | D:3      | Slain by a black bear

Levels and vault maps discovered:
D:1:      ncdulo_smallfort, layout_loops_ring
D:2:      layout_loops_ring, basic_altar, corexii_leaking_fountain
D:3:      layout_basic, dreamdust_princess_bridge

Skill      XL: |  1  2 |
---------------+-------+-----
Ranged Weapons | 3 |  3.6
Fighting       | 2 |  2.1
Dodging        | |  2.1
Spellcasting   | |  1.0
Hexes          | |  2.0

Action                     || total
---------------------------++-------
   Fire: Sling             ||    84
    Use: Scroll            ||    10
         Potion            ||     1
 Armour: Robe              ||     6
         Leather armour    ||     1
  Dodge: Dodged            ||    37

Table legend:
 A = Non-vault XP
 B = Vault XP
 C = Vault XP percentage of total XP
 D = Non-vault monster count
 E = Vault monster count
 F = Vault count percentage of total count
                 A         B        C        D         E       F
            +---------+---------+-------+---------+---------+-------
      Total |      46 |       0 |   0.0 |      28 |       0 |   0.0
            +---------+---------+-------+---------+---------+-------
        D:1 |      38 |       0 |   0.0 |      23 |       0 |   0.0
        D:2 |       8 |       0 |   0.0 |       5 |       0 |   0.0
            +---------+---------+-------+---------+---------+-------
